Map: Rhoskallian EE

Players

Liondres - Winner!

  • Race: Zerg Zerg
  • League: Silver
  • Spawn Location: 11:00

ULTRALOPS - Winner!

  • Race: Zerg Zerg
  • Spawn Location: 12:00

MrFercho

  • Race: Zerg Zerg
  • Spawn Location: 5:00

TATORREA

  • Race: Protoss Protoss
  • League: Silver
  • Spawn Location: 6:00

VOD

Have the link to the VOD?

Description

Time

  • Played on: June 9, 2020, 7:54 p.m.
  • Length: 6:26
Show
View Real Time Build Order
Export as new Build Order

Liondres Zerg - Winner!

Build Orders: Pool First 

Get SALT Encoding   

  12  0:19  Spawning Pool  
  11  0:24  Drone  
  12  0:31  Drone  
  13  0:39  Overlord  
  13  0:43  Drone  
  13  0:48  Extractor  
  13  0:50  Drone  
  15  0:59  Drone  
  15  1:02  Extractor  
  15  1:08  Zergling x2  
  16  1:11  Queen  
  18  1:18  Drone  
  19  1:31  Drone  
  20  1:48  Drone  
  21  1:56  Drone  
  21  2:31  Zergling x2  
  21  2:32  Overlord  
  21  2:33  Overlord  
  21  2:34  Overlord  
  22  2:37  Overlord  
  22  2:51  Zergling x4  
  23  2:58  Hatchery  
  24  3:12  Zergling x2  
  24  3:13  Zergling x2  
  24  3:16  Queen  
  24  3:19  Metabolic Boost  
  26  4:13  Zergling x2  
  26  4:14  Zergling x12  
  29  4:58  Zergling x6  
  29  4:59  Zergling x12  
  38  5:09  Evolution Chamber  
  38  5:12  Evolution Chamber  
  36  5:19  Zergling x2  
  36  5:20  Zergling x8  
  36  6:00  Zergling x4  
  36  6:01  Zergling x8  
Show
View Real Time Build Order
Export as new Build Order

ULTRALOPS Zerg - Winner!

Build Orders: Pool First 

Get SALT Encoding   

  12  0:03  Drone  
  13  0:13  Overlord  
  13  0:20  Drone  
  14  0:31  Drone  
  15  0:41  Spawning Pool  
  14  0:43  Drone  
  14  0:46  Drone  
  16  1:01  Extractor  
  16  1:02  Drone  
  16  1:03  Drone  
  17  1:09  Overlord  
  17  1:23  Drone  
  18  1:37  Zergling x2  
  19  1:40  Queen  
  21  2:01  Hatchery  
  21  2:03  Zergling x4  
  22  2:16  Zergling x4  
  24  2:49  Zergling x6  
  27  2:57  Metabolic Boost  
  22  4:23  Zergling x6  
  25  4:56  Drone x3  
Show
View Real Time Build Order
Export as new Build Order

MrFercho Zerg 

Build Orders: Hatch First 

Get SALT Encoding   

  12  0:02  Drone  
  13  0:17  Overlord  
  13  0:20  Drone  
  14  0:35  Drone  
  15  0:38  Drone  
  16  0:59  Drone x2  
  18  1:09  Hatchery  
  17  1:22  Spawning Pool  
  16  1:28  Drone x3  
  19  1:41  Extractor  
  19  1:43  Drone  
  19  1:50  Drone  
  20  2:12  Overlord x2  
  19  2:42  Drone x4  
  23  2:45  Drone x2  
  25  2:54  Drone  
  25  2:55  Queen  
  25  2:58  Queen  
  30  3:10  Spine Crawler  
  29  3:16  Drone  
  29  3:17  Spine Crawler, Drone x4  
  33  3:27  Zergling x2  
  33  3:31  Zergling x2  
  35  3:42  Zergling x4  
  37  4:06  Zergling x2  
  37  4:07  Zergling x6  
  39  4:29  Drone x4  
  39  4:30  Drone  
  44  4:32  Overlord x3  
  44  4:56  Drone x5  
  49  5:13  Lair  
  49  5:16  Drone x2  
  49  5:17  Drone  
  46  5:42  Roach Warren  
  46  5:49  Zergling x12  
Show
View Real Time Build Order
Export as new Build Order

TATORREA Protoss 

Build Orders: 1 Gate Expand 

Get SALT Encoding   

  12  0:01  Probe  
  13  0:17  Probe  
  14  0:23  Pylon  
  14  0:25  Probe  
  15  0:40  Probe  
  16  0:44  Gateway  
  16  0:53  Gateway  
  16  0:55  Probe  
  17  1:03  Assimilator  
  17  1:09  Probe  
  18  1:21  Probe  
  19  1:43  Nexus  
  19  1:46  Pylon  
  19  1:54  Zealot  
  19  1:57  Zealot  
  23  2:04  Probe  
  24  2:25  Cybernetics Core  
  24  2:44  Probe  
  25  2:51  Assimilator  
  25  2:56  Probe x2  
  27  3:08  Probe x2  
  29  3:20  Stalker, Probe x2  
  29  3:21  Stalker  
  27  3:51  Warp Gate  
  27  3:56  Pylon  
  30  4:35  Pylon  
  30  4:45  Zealot  
  30  4:46  Probe x2, Zealot  
  32  4:58  Probe x2  
  34  5:42  Zealot x2  
Tags
 
Add a new tag
Caveats
  • Supply blocks, unpowered buildings, or Contaminate may cause inaccurate times.
  • Supply counts are checked every 10 seconds.